| TOP OF THE 1ST |
|
Colorado Avalanche batting - Pitching for Joplin Blasters : RHP Jay Foster
|
|
Pitching: RHP Jay Foster
|
|
|
Batting: RHB Marco Avina
|
0-0: Ball 1-0: Foul Ball, location: 2F 1-1: Called Strike 1-2: SINGLE (Flyball, 78S, EV 95.0 MPH)
|
|
Batting: RHB Aaron Burnet
|
0-0: Ball 1-0: Ball 2-0: Called Strike 2-1: Swinging Strike 2-2: Strikes out swinging
|
|
Batting: LHB Bob Kaufmann
|
0-0: Ball 1-0: Foul Ball, location: 2F 1-1: Ball 2-1: Ball 3-1: Called Strike 3-2: Base on Balls Marco Avina to second
|
|
Batting: RHB Ben Connelly
|
0-0: Called Strike 0-1: Foul Ball, location: 2F 0-2: SINGLE (Groundball, 34D, EV 95.0 MPH) Marco Avina to third Bob Kaufmann to second Runner from 3rd tries for Home, throw by RF and OUT! 9-2
|
|
Batting: LHB Tyler Twiss
|
0-0: Called Strike 0-1: Called Strike 0-2: Fly out, F9 (Flyball, 9D, EV 87.5 MPH)
|
| Top of the 1st over - 0 runs, 2 hits, 0 errors, 2 left on base; Colorado 0 - Joplin 0 |
| BOTTOM OF THE 1ST |
|
Joplin Blasters batting - Pitching for Colorado Avalanche : RHP Diego Arredondo
|
|
Pitching: RHP Diego Arredondo
|
|
|
Batting: RHB Angel Melendez
|
0-0: Ball 1-0: Ball 2-0: Fly out, F8 (Flyball, 8RM, EV 78.8 MPH)
|
|
Batting: RHB Dustin Peterson
|
0-0: Ball 1-0: Ball 2-0: Ground out 5-3 (Groundball, 5, EV 89.4 MPH)
|
|
Batting: RHB Mike McClung
|
0-0: Called Strike 0-1: Ball 1-1: Foul Ball, location: 2F 1-2: SINGLE (Line Drive, 8RS, EV 111.2 MPH)
|
|
Batting: RHB Tanner Holland
|
0-0: Ball 1-0: Ball 2-0: Ball 3-0: Called Strike 3-1: 2-RUN HOME RUN (Flyball, 8RXD, EV 109.4 MPH), Distance : 450 ft
|
|
Batting: RHB Steve Huebner
|
0-0: Called Strike 0-1: Swinging Strike 0-2: Ball 1-2: Ball 2-2: Ball 3-2: Strikes out swinging, 2-3 out at first.
|
| Bottom of the 1st over - 2 runs, 2 hits, 0 errors, 0 left on base; Colorado 0 - Joplin 2 |
| TOP OF THE 2ND |
|
Colorado Avalanche batting - Pitching for Joplin Blasters : RHP Jay Foster
|
|
Batting: RHB Ken Dunphy
|
0-0: Ball 1-0: Fly out, F9 (Flyball, 9D, EV 101.9 MPH)
|
|
Batting: LHB Dan Goldberg
|
0-0: Ball 1-0: Ball 2-0: Ground out U3 (Groundball, 3L, EV 99.4 MPH)
|
|
Batting: RHB Mike Chiquete
|
0-0: Called Strike 0-1: Foul Ball, location: 2F 0-2: Ball 1-2: Ball 2-2: Foul Ball, location: 2F 2-2: Strikes out swinging
|
| Top of the 2nd over - 0 runs, 0 hits, 0 errors, 0 left on base; Colorado 0 - Joplin 2 |
| BOTTOM OF THE 2ND |
|
Joplin Blasters batting - Pitching for Colorado Avalanche : RHP Diego Arredondo
|
|
Batting: RHB Cody Marshall
|
0-0: Ball 1-0: Foul Ball, location: 2F 1-1: Called Strike 1-2: Ball 2-2: Ball 3-2: Fly out, F7 (Line Drive, 7S, EV 91.9 MPH)
|
|
Batting: RHB Jin-hoi Hur
|
0-0: Fly out, F9 (Flyball, 9LM, EV 86.2 MPH)
|
|
Batting: RHB Nate Brewer
|
0-0: Called Strike 0-1: Foul Ball, location: 2F 0-2: Foul Ball, location: 2F 0-2: Foul Ball, location: 2F 0-2: Foul Ball, location: 2F 0-2: Strikes out looking
|
| Bottom of the 2nd over - 0 runs, 0 hits, 0 errors, 0 left on base; Colorado 0 - Joplin 2 |
| TOP OF THE 3RD |
|
Colorado Avalanche batting - Pitching for Joplin Blasters : RHP Jay Foster
|
|
Batting: RHB Jon Herner
|
0-0: Ball 1-0: Called Strike 1-1: Foul Ball, location: 2F 1-2: Strikes out swinging
|
|
Batting: RHB Marco Avina
|
0-0: Called Strike 0-1: Called Strike 0-2: Ball 1-2: Ground out 5-3 (Groundball, 56S, EV 85.0 MPH)
|
|
Batting: RHB Aaron Burnet
|
0-0: Ground out 5-3 (Groundball, 5L, EV 86.9 MPH)
|
| Top of the 3rd over - 0 runs, 0 hits, 0 errors, 0 left on base; Colorado 0 - Joplin 2 |
| BOTTOM OF THE 3RD |
|
Joplin Blasters batting - Pitching for Colorado Avalanche : RHP Diego Arredondo
|
|
Batting: RHB Jaden Brown
|
0-0: Fly out, F9 (Flyball, 89M, EV 95.0 MPH)
|
|
Batting: RHB Angel Melendez
|
0-0: Called Strike 0-1: Foul Ball, location: 2F 0-2: Ball 1-2: Ball 2-2: Ball 3-2: Foul Ball, location: 2F 3-2: Strikes out swinging
|
|
Batting: RHB Dustin Peterson
|
0-0: Ball 1-0: Ball 2-0: Ball 3-0: Called Strike 3-1: Called Strike 3-2: SINGLE (Line Drive, 7LS, EV 104.4 MPH)
|
|
Batting: RHB Mike McClung
|
0-0: Foul Ball, location: 2F 0-1: Foul Ball, location: 2F 0-2: Ball 1-2: Foul Ball, location: 2F 1-2: Ground out 4-3 (Groundball, 34, EV 105.6 MPH)
|
| Bottom of the 3rd over - 0 runs, 1 hit, 0 errors, 1 left on base; Colorado 0 - Joplin 2 |
| TOP OF THE 4TH |
|
Colorado Avalanche batting - Pitching for Joplin Blasters : RHP Jay Foster
|
|
Batting: LHB Bob Kaufmann
|
0-0: Ball 1-0: Foul Ball, location: 2F 1-1: Ball 2-1: Ball 3-1: Called Strike 3-2: Ground out U3 (Groundball, 34, EV 100.0 MPH)
|
|
Batting: RHB Ben Connelly
|
0-0: Fly out, F8 (Flyball, 8LM, EV 90.6 MPH)
|
|
Batting: LHB Tyler Twiss
|
0-0: Called Strike 0-1: Swinging Strike 0-2: Foul Ball, location: 2F 0-2: Ball 1-2: Foul Ball, location: 2F 1-2: Foul Ball, location: 2F 1-2: Strikes out swinging
|
| Top of the 4th over - 0 runs, 0 hits, 0 errors, 0 left on base; Colorado 0 - Joplin 2 |
| BOTTOM OF THE 4TH |
|
Joplin Blasters batting - Pitching for Colorado Avalanche : RHP Diego Arredondo
|
|
Batting: RHB Tanner Holland
|
0-0: Swinging Strike 0-1: Ball 1-1: Ball 2-1: Swinging Strike 2-2: Strikes out looking
|
|
Batting: RHB Steve Huebner
|
0-0: Ball 1-0: Swinging Strike 1-1: Called Strike 1-2: Ball 2-2: Foul Ball, location: 2F 2-2: Ball 3-2: Strikes out looking
|
|
Batting: RHB Cody Marshall
|
0-0: Fly out, F8 (Flyball, 78S, EV 89.4 MPH)
|
| Bottom of the 4th over - 0 runs, 0 hits, 0 errors, 0 left on base; Colorado 0 - Joplin 2 |
| TOP OF THE 5TH |
|
Colorado Avalanche batting - Pitching for Joplin Blasters : RHP Jay Foster
|
|
Batting: RHB Ken Dunphy
|
0-0: Ground out 5-3 (Groundball, 56S, EV 70.6 MPH)
|
|
Batting: LHB Dan Goldberg
|
0-0: Ball 1-0: SINGLE (Groundball, 4MD, EV 96.9 MPH)
|
|
Batting: RHB Mike Chiquete
|
0-0: Foul Ball, location: 2F 0-1: Fly out, F8 (Flyball, 8LXD, EV 108.8 MPH)
|
|
Batting: RHB Jon Herner
|
Pickoff Throw to First - Out! 1-3
|
| Top of the 5th over - 0 runs, 1 hit, 0 errors, 0 left on base; Colorado 0 - Joplin 2 |
| BOTTOM OF THE 5TH |
|
Joplin Blasters batting - Pitching for Colorado Avalanche : RHP Diego Arredondo
|
|
Batting: RHB Jin-hoi Hur
|
0-0: Ball 1-0: Ball 2-0: Ball 3-0: Called Strike 3-1: Called Strike 3-2: Fly out, F8 (Flyball, 8LD, EV 83.1 MPH)
|
|
Batting: RHB Nate Brewer
|
0-0: Ball 1-0: Foul Ball, location: 2F 1-1: Ball 2-1: Ball 3-1: Foul Ball, location: 2F 3-2: SINGLE (Flyball, 4D, EV 84.4 MPH)
|
|
Batting: RHB Jaden Brown
|
0-0: Fly out, F4 (Popup, 34D, EV 54.4 MPH)
|
|
Batting: RHB Angel Melendez
|
0-0: Called Strike 0-1: Foul Ball, location: 2F 0-2: Ball 1-2: Strikes out swinging
|
| Bottom of the 5th over - 0 runs, 1 hit, 0 errors, 1 left on base; Colorado 0 - Joplin 2 |
| TOP OF THE 6TH |
|
Colorado Avalanche batting - Pitching for Joplin Blasters : RHP Jay Foster
|
|
Batting: RHB Jon Herner
|
0-0: Ball 1-0: Ball 2-0: Foul Ball, location: 2F 2-1: Ball 3-1: Base on Balls
|
|
Pitching: RHP Robert Carlos
|
|
|
Pinch Hitting: RHB Joe Shade
|
0-0: Ball 1-0: Called Strike 1-1: Foul Ball, location: 2F 1-2: Foul Ball, location: 2F 1-2: Ball 2-2: Ball 3-2: 2-RUN HOME RUN (Flyball, 7LD, EV 90.6 MPH), Distance : 331 ft
|
|
Batting: RHB Aaron Burnet
|
0-0: Called Strike 0-1: SOLO HOME RUN (Flyball, 89XD, EV 107.5 MPH), Distance : 430 ft
|
|
Batting: LHB Bob Kaufmann
|
0-0: Foul Ball, location: 2F 0-1: Ground out 4-3 (Groundball, 34, EV 76.9 MPH)
|
|
Batting: RHB Ben Connelly
|
0-0: Ball 1-0: Called Strike 1-1: Ball 2-1: Ground out 5-3 (Groundball, 56, EV 86.2 MPH)
|
|
Batting: LHB Tyler Twiss
|
0-0: Ball 1-0: Ball 2-0: Fly out, F6 (Line Drive, 6MD, EV 73.1 MPH)
|
| Top of the 6th over - 3 runs, 2 hits, 0 errors, 0 left on base; Colorado 3 - Joplin 2 |
| BOTTOM OF THE 6TH |
|
Joplin Blasters batting - Pitching for Colorado Avalanche : RHP Diego Arredondo
|
|
Now in LF: Aaron Burnet
|
|
|
Now in CF: Rich Rauda
|
|
|
Batting: RHB Dustin Peterson
|
0-0: Ball 1-0: Foul Ball, location: 2F 1-1: Foul Ball, location: 2F 1-2: Fly out, F7 (Flyball, 7D, EV 105.6 MPH)
|
|
Pitching: RHP Kyle Cannon
|
|
|
Batting: RHB Mike McClung
|
0-0: Ball 1-0: Called Strike 1-1: Fly out, F7 (Line Drive, 7D, EV 98.8 MPH)
|
|
Batting: RHB Tanner Holland
|
0-0: Ball 1-0: Foul Ball, location: 2F 1-1: Hit by Pitch
|
|
Pinch Hitting: RHB Luis Mendoza
|
0-0: Ball 1-0: 2-RUN HOME RUN (Flyball, 7LD, EV 92.5 MPH), Distance : 329 ft
|
|
Batting: RHB Cody Marshall
|
0-0: Called Strike 0-1: Ball 1-1: Ball 2-1: Called Strike 2-2: Ball 3-2: Strikes out looking
|
| Bottom of the 6th over - 2 runs, 1 hit, 0 errors, 0 left on base; Colorado 3 - Joplin 4 |
| TOP OF THE 7TH |
|
Colorado Avalanche batting - Pitching for Joplin Blasters : RHP Robert Carlos
|
|
Now in RF: Alex Valadez
|
|
|
Batting: RHB Ken Dunphy
|
0-0: Ball 1-0: Ball 2-0: Ball 3-0: Called Strike 3-1: Base on Balls
|
|
Batting: SHB Taylor Shelton
|
0-0: Sac Bunt to 13 - play at first, batter OUT! 1-3 Ken Dunphy to second
|
|
Batting: RHB Mike Chiquete
|
0-0: Called Strike 0-1: Ball 1-1: Ball 2-1: Ball 3-1: Foul Ball, location: 2F 3-2: Foul Ball, location: 2F 3-2: Fly out, F9 (Flyball, 9S, EV 89.4 MPH) Lined into DP, 9-6 (Flyball, 9S, EV 89.4 MPH)
|
| Top of the 7th over - 0 runs, 0 hits, 0 errors, 0 left on base; Colorado 3 - Joplin 4 |
| BOTTOM OF THE 7TH |
|
Joplin Blasters batting - Pitching for Colorado Avalanche : RHP Kyle Cannon
|
|
Batting: RHB Mike Stokes
|
0-0: Ball 1-0: Ball 2-0: Swinging Strike 2-1: Swinging Strike 2-2: Ball 3-2: Strikes out looking
|
|
Batting: RHB Nate Brewer
|
0-0: Ball 1-0: Called Strike 1-1: Ball 2-1: DOUBLE (Line Drive, 9LM, EV 110.6 MPH)
|
|
Batting: RHB Jaden Brown
|
0-0: Called Strike 0-1: Ground out U3 (Groundball, 3, EV 85.0 MPH) Nate Brewer to third
|
|
Batting: RHB Angel Melendez
|
0-0: Ball 1-0: Swinging Strike 1-1: Ball 2-1: Ball 3-1: Foul Ball, location: 2F 3-2: Strikes out looking
|
| Bottom of the 7th over - 0 runs, 1 hit, 0 errors, 1 left on base; Colorado 3 - Joplin 4 |
| TOP OF THE 8TH |
|
Colorado Avalanche batting - Pitching for Joplin Blasters : RHP Robert Carlos
|
|
Batting: RHB Jon Herner
|
0-0: Ball 1-0: Called Strike 1-1: Fly out, F8 (Flyball, 8RM, EV 89.4 MPH)
|
|
Batting: LHB Rich Rauda
|
0-0: Fly out, F3 (Popup, 3S, EV 85.0 MPH)
|
|
Batting: RHB Aaron Burnet
|
0-0: Ball 1-0: Ball 2-0: Ball 3-0: Called Strike 3-1: Called Strike 3-2: Foul Ball, location: 2F 3-2: Fly out, F8 (Flyball, 8RS, EV 85.0 MPH)
|
| Top of the 8th over - 0 runs, 0 hits, 0 errors, 0 left on base; Colorado 3 - Joplin 4 |
| BOTTOM OF THE 8TH |
|
Joplin Blasters batting - Pitching for Colorado Avalanche : RHP Kyle Cannon
|
|
Pitching: LHP Danny Sebastian
|
|
|
Batting: RHB Dustin Peterson
|
0-0: Ball 1-0: Ground out 5-3 (Groundball, 56, EV 89.4 MPH)
|
|
Batting: RHB Mike McClung
|
0-0: Swinging Strike 0-1: Ball 1-1: Ball 2-1: Reached on error, E5 (Groundball, 5S, EV 88.8 MPH)
|
|
Batting: RHB Tanner Holland
|
0-0: Foul Ball, location: 2F 0-1: Called Strike 0-2: Ball 1-2: Foul Ball, location: 2F 1-2: Foul Ball, location: 2F 1-2: Strikes out swinging
|
|
Batting: RHB Alex Valadez
|
0-0: Foul Ball, location: 2F 0-1: Fielders Choice at 2nd, 6-4 (Groundball, 56D, EV 105.0 MPH)
|
| Bottom of the 8th over - 0 runs, 0 hits, 1 error, 1 left on base; Colorado 3 - Joplin 4 |
| TOP OF THE 9TH |
|
Colorado Avalanche batting - Pitching for Joplin Blasters : RHP Robert Carlos
|
|
Now in LF: Alex Valadez
|
|
|
Now in RF: Esteban Acuna
|
|
|
Batting: LHB Bob Kaufmann
|
0-0: Ball 1-0: Ball 2-0: Ball 3-0: Called Strike 3-1: Base on Balls
|
|
Batting: RHB Ben Connelly
|
0-0: Foul Ball, location: 2F 0-1: Foul Ball, location: 2F 0-2: Ball 1-2: Strikes out looking
|
|
Batting: LHB Tyler Twiss
|
0-0: Called Strike 0-1: Ball 1-1: Ball 2-1: Foul Ball, location: 2F 2-2: Ball 3-2: Foul Ball, location: 2F 3-2: Foul Ball, location: 2F 3-2: Strikes out looking
|
|
Batting: RHB Ken Dunphy
|
0-0: Ball 1-0: SINGLE (Groundball, 56S, EV 65.6 MPH) (infield hit) Bob Kaufmann to second
|
|
Pitching: RHP Rade Mamula
|
|
|
Now at SS: Josh Lane
|
|
|
Now in RF: Esteban Acuna
|
|
|
Batting: SHB Taylor Shelton
|
0-0: Foul Ball, location: 2F 0-1: Foul Ball, location: 2F 0-2: Foul Ball, location: 2F 0-2: Foul Ball, location: 2F 0-2: Ball 1-2: Foul Ball, location: 2F 1-2: Ball 2-2: Fly out, F4 (Popup, 4D, EV 53.8 MPH)
|
| Top of the 9th over - 0 runs, 1 hit, 0 errors, 2 left on base; Colorado 3 - Joplin 4 |
|